 Dungeon Crawl Stone Soup version 0.22.1-2-g9c5b331 (webtiles) character file.

45 seyes the Changer (level 3, 0/23 HPs)
             Began as an Octopode Transmuter on Dec 13, 2018.
             Succumbed to an adder's poison
             ... on level 2 of the Dungeon.
             The game lasted 00:12:07 (1272 turns).

seyes the Changer (Octopode Transmuter)             Turns: 1272, Time: 00:12:08

Health: 0/23       AC:  1    Str:  9    XL:     3   Next: 64%
Magic:  6/6        EV: 13    Int: 16    God:
Gold:   65         SH:  0    Dex: 12    Spells: 3/6 levels left

rFire    . . .     SeeInvis .     - Unarmed
rCold    . . .     Gourm    .   (no shield)
rNeg     . . .     Faith    .   (helmet restricted)
rPois    .         Spirit   .   (no amulet)
rElec    .         Reflect  .   (no ring)
rCorr    .         Harm     .   (no ring)
MR       .....                  (no ring)
Stlth    ++........             (no ring)
HPRegen  0.07/turn              (no ring)
MPRegen  0.10/turn              (no ring)
                                (no ring)
                                (no ring)

@: lethally poisoned (0 -> -2), appendage (expiring)
A: almost no armour, stealthy swim, amphibious, 8 rings, constrict 8, tentacle
spike 3, camouflage 1, gelatinous body 1
a: End Transformation


You were on level 2 of the Dungeon.
You were not hungry.
One of your tentacles had a temporary spike.
You visited 1 branch of the dungeon, and saw 2 of its levels.

You collected 65 gold pieces.

Inventory:

Missiles
 a - 49 arrows
 b - 64 stones (quivered)
Scrolls
 e - 3 scrolls of fear {unknown}
 g - a scroll of amnesia {unknown}
 h - a scroll of random uselessness {unknown}
Comestibles
 c - 4 rations
 d - 2 chunks of flesh


   Skills:
 - Level 1.0 Fighting
 - Level 2.0 Dodging
 - Level 3.0 Unarmed Combat
 - Level 2.0 Spellcasting
 + Level 3.9 Transmutations


You had 3 spell levels left.
You knew the following spells:

 Your Spells              Type           Power        Failure   Level  Hunger
a - Beastly Appendage     Tmut           ##....       4%          1    #......
t - Sticks to Snakes      Tmut           ##......     6%          2    ###....

Your spell library contained the following spells:

 Spells                   Type           Power        Failure   Level  Hunger
 Spider Form              Tmut/Pois      #.........   28%         3    ###....
 Ice Form                 Ice/Tmut       #.......     67%         4    #####..
 Blade Hands              Tmut           ##........   75%         5    ######.


Dungeon Overview and Level Annotations

Branches:
Dungeon (2/15)

Altars:
Xom


Innate Abilities, Weirdness & Mutations

You cannot wear most types of armour.
You are very stealthy in the water. (Stealth+)
You are amphibious.
You can wear up to eight rings at the same time.
You can use your tentacles to constrict eight enemies at once.
Your skin changes colour to match your surroundings (Stealth+).
Your rubbery body absorbs attacks. (AC +1, EV +1)
One of your tentacles bears a large vicious spike.


Message History

It was a potion of curing.
You feel better. The adder misses you.
You closely miss the adder. Your grab misses the adder.
Your tentacle spike misses the adder.
Your squeeze misses the adder.
The adder is almost dead.
The adder bites you.
You are poisoned.
The adder poisons you! The adder bites you.
* * * LOW HITPOINT WARNING * * *
You closely miss the adder. Your grab misses the adder.
You pierce the adder.
You kill the adder!
You feel sick.
You closely miss the goblin. You grab the goblin.
You constrict the goblin, but do no damage.
The goblin hits you.
* * * LOW HITPOINT WARNING * * *
You aren't carrying any potions.
You tentacle-slap the goblin.
You kill the goblin!
Your transformation is almost over.
You die...

#...........##.##
#.##.#...<.......
#.##.........#.##
##.####.........#
#........#.#..###
#........##.####..####
#...#...###...........
########.## #####...####
#......@..# #<..#
######.#.##.#..# #...#
#......#.##...!# #####...####
#....<.#....##.###...........
#..........#. .........[.....
#...........# .###...........
#.....##..... # ###.#...#.##
###########.## #.#...#.# #
#.#...#.#


There were no monsters in sight!

Vanquished Creatures
  2 adders (D:2)
  A worm (D:2)
  A leopard gecko (D:1)
  A giant cockroach (D:1)
  7 goblins
  A hobgoblin (D:1)
  A ball python (D:1)
  3 bats (D:1)
  5 kobolds (D:1)
  2 rats (D:1)
24 creatures vanquished.

Notes
Turn   | Place    | Note
-------+----------+-------------------------------------------
     0 | D:1      | seyes the Octopode Transmuter began the quest for the Orb.
     0 | D:1      | Reached XP level 1. HP: 13/13 MP: 3/3
   112 | D:1      | Found a shimmering altar of Xom.
   401 | D:1      | Reached XP level 2. HP: 18/18 MP: 3/5
   406 | D:1      | Learned a level 2 spell: Sticks to Snakes
  1121 | D:2      | Reached XP level 3. HP: 23/23 MP: 2/6
  1265 | D:2      | HP: 1/23 [adder (4)]
  1272 | D:2      | Succumbed to an adder's poison

Skill      XL: |  1  2 |
---------------+-------+-----
Transmutations | 3 |  3.9
Fighting       | |  1.0
Dodging        | |  2.0
Unarmed Combat | |  3.0
Spellcasting   | |  2.0

Action                   || total
-------------------------++-------
Melee: Unarmed           ||    59
       Constrict         ||    18
       Kick              ||    13
       Tentacles         ||     7
       Punch             ||     1
Throw: Stone             ||     4
 Cast: Beastly Appendage ||    12
       Sticks to Snakes  ||     2
  Use: Potion            ||     1
 Stab: Sleeping          ||     1
  Eat: Chunk             ||     1
Armor: Skin              ||     4
Dodge: Dodged            ||    39
